 Dungeon Crawl Stone Soup version 0.30-a0-368-g86fb4627a9 (webtiles) character file.

Game seed: 4889245296921864433

89 RascalDebosk the Magician (level 4, 0/31 HPs)
             Began as a Djinni Earth Elementalist on Nov 19, 2022.
             Slain by an adder zombie (1 damage)
             ... in an ossuary.
             The game lasted 00:06:49 (850 turns).

RascalDebosk the Magician (DjEE)                     Turns: 850, Time: 00:06:50

Health: 0/31       AC:  2    Str:  7    XL:     4   Next: 84%
Gold:   65         EV: 12    Int: 18    God:
                   SH:  0    Dex: 14

rFire   + + .      SeeInvis .    s - +4 dagger
rCold   x . .      Faith    .    (no shield)
rNeg    . . .      Spirit   .    a - +0 robe
rPois   ∞          Reflect  .    (no helmet)
rElec   .          Harm     .    (no cloak)
rCorr   .          Rampage  .    (no gloves)
Will    .....                    (boots unavailable)
Stlth   ++........               (no amulet)
HPRegen 0.25/turn                (no ring)
MPRegen 0.00/turn                (no ring)

@: flying
A: sickness immunity, fire resistance 2, cold vulnerability 1, float, innate
caster, HP casting, extra vitality 1
a: no special abilities


You were in an ossuary.
You visited 1 branch of the dungeon, and saw 3 of its levels.
You also visited: Ossuary.

You collected 65 gold pieces.

Inventory:

Hand Weapons
 s - a +4 dagger (weapon)
Armour
 a - a +0 robe (worn)
Scrolls
 b - 2 scrolls of identify {unknown}
 d - a scroll of acquirement {unknown}
 f - 2 scrolls of immolation {unknown}
 g - a scroll of silence {unknown}
 h - a scroll of teleportation {unknown}
Potions
 c - a potion of might {unknown}
 e - a potion of degeneration {unknown}
 i - 2 potions of flight {unknown}


   Skills:
 - Level 2.1 Dodging
 - Level 1.5 Stealth
 + Level 4.0 Spellcasting


You couldn't memorise any spells.
You knew the following spells:

 Your Spells              Type           Power      Damage    Failure   Level
a - Sandblast             Erth           36%        2d10      2%          1
b - Passwall              Tmut/Erth      15%        N/A       4%          2
c - Stone Arrow           Conj/Erth      36%        3d9       9%          3
d - Petrify               Tmut/Erth      18%        N/A       26%         4
e - Slow                  Hex            72%        N/A       2%          1
Your spell library was empty.

Dungeon Overview and Level Annotations

Branches:
Dungeon (4/15)            Ossuary (1/1)
 Temple: D:4-7

Altars:
Yredelemnul


Innate Abilities, Weirdness & Mutations

You are immune to sickness and miasma.
You are immune to poison.
Your flesh is very heat resistant. (rF++)
You are vulnerable to cold. (rC-)
You float through the air rather than walking.
You learn spells naturally, not from books.
Your magical power is your life essence.
You have superior vitality. (+4 MHP)


Message History

Found a scroll labelled COEG MICZIASK.
Found 9 gold pieces.
Found a sand-covered staircase.
There is a sand-covered staircase here.
The world spins around you as you enter the gateway.
You enter an ossuary!
Found twelve items.
There is an empty arch of ancient stone here.
You reach down and open the door.
A hobgoblin zombie and a kobold zombie come into view.
Found a gate leading back out of this place.
Aiming: Sandblast (safe; 4% risk of failure)
Press: ? - help, Q - select action, (/) - cycle Shift-Dir - straight line, f - kobold zombie
Aim: a kobold zombie (dormant, 100% to hit)
The blast of sand hits the kobold zombie!
You destroy the kobold zombie!
Aiming: Sandblast (safe; 4% risk of failure)
Press: ? - help, Q - select action, (/) - cycle Shift-Dir - straight line, f - hobgoblin zombie
Aim: a hobgoblin zombie (dormant, 100% to hit)
You miscast Sandblast.
You are very lightly contaminated with residual magic.
Nothing appears to happen.
Aiming: Sandblast (safe; 4% risk of failure)
Press: ? - help, Q - select action, (/) - cycle Shift-Dir - straight line, f/p - hobgoblin zombie
Aim: a hobgoblin zombie (94% to hit)
The blast of sand hits the hobgoblin zombie.
The hobgoblin zombie is heavily damaged.
Aiming: Sandblast (safe; 4% risk of failure)
Press: ? - help, Q - select action, (/) - cycle Shift-Dir - straight line, f/p - hobgoblin zombie
Aim: a hobgoblin zombie (heavily damaged, 94% to hit)
The blast of sand hits the hobgoblin zombie!
You destroy the hobgoblin zombie!
There is an open door here.
Your magical contamination has completely faded away.
You reach down and open the door.
There is an open door here.
You reach down and open the door.
A water moccasin zombie and a kobold zombie come into view.
The water moccasin zombie moves out of view.
A water moccasin zombie, 2 adder zombies and a kobold zombie come into view.
The water moccasin zombie closely misses you.
There is an open door here.
The water moccasin zombie attacks as you move away!
The water moccasin zombie bites you.
The water moccasin zombie attacks as you move away!
The water moccasin zombie barely misses you.
Aiming: Sandblast (safe; 4% risk of failure)
Press: ? - help, Q - select action, (/) - cycle Shift-Dir - straight line, f - water moccasin zombie
Aim: a water moccasin zombie (82% to hit)
The blast of sand hits the water moccasin zombie.
The water moccasin zombie is lightly damaged.
The water moccasin zombie completely misses you.
The water moccasin zombie bites you.
Aiming: Sandblast (safe; 4% risk of failure)
Press: ? - help, Q - select action, (/) - cycle Shift-Dir - straight line, f/p - water moccasin zombie
Aim: a water moccasin zombie (lightly damaged, 82% to hit)
The blast of sand hits the water moccasin zombie!
The water moccasin zombie is moderately damaged.
The water moccasin zombie closely misses you.
The water moccasin zombie bites you but does no damage.
Aiming: Sandblast (safe; 4% risk of failure)
Press: ? - help, Q - select action, (/) - cycle Shift-Dir - straight line, f/p - water moccasin zombie
Aim: a water moccasin zombie (moderately damaged, 82% to hit)
The blast of sand hits the water moccasin zombie.
The water moccasin zombie is moderately damaged.
The water moccasin zombie bites you. x2
* * * LOW HITPOINT WARNING * * *
Aiming: Sandblast (safe; 4% risk of failure)
Press: ? - help, Q - select action, (/) - cycle Shift-Dir - straight line, f/p - water moccasin zombie
Aim: a water moccasin zombie (moderately damaged, 82% to hit)
The blast of sand hits the water moccasin zombie!
The water moccasin zombie is severely damaged.
* * * LOW HITPOINT WARNING * * *
The water moccasin zombie bites you.
* * * LOW HITPOINT WARNING * * *
The water moccasin zombie barely misses you.
Aiming: Sandblast (safe; 4% risk of failure)
Press: ? - help, Q - select action, (/) - cycle Shift-Dir - straight line, f/p - water moccasin zombie
Aim: a water moccasin zombie (severely damaged, 82% to hit)
The blast of sand hits the water moccasin zombie!
The water moccasin zombie is almost destroyed.
* * * LOW HITPOINT WARNING * * *
The water moccasin zombie bites you.
* * * LOW HITPOINT WARNING * * *
Aiming: Sandblast (safe; 4% risk of failure)
Press: ? - help, Q - select action, (/) - cycle Shift-Dir - straight line, f/p - water moccasin zombie
Aim: a water moccasin zombie (almost destroyed, 82% to hit)
The blast of sand hits the water moccasin zombie!
You destroy the water moccasin zombie!
* * * LOW HITPOINT WARNING * * *
The adder zombie bites you.
* * * LOW HITPOINT WARNING * * *
Your Spellcasting skill increases to level 4!
You have reached level 4!
You feel agile.
The adder zombie attacks as you move away!
The adder zombie closely misses you.
The adder zombie attacks as you move away!
The adder zombie bites you.
You die...

#∩..#...#!!?!#
#...'.∩.#!?[!+
#...#...#!?!?#
#...##### ###
#...# ##'##
#...# #...#
#@..# #Z..#
#'### #ZZ.#
#ZZ.# #...#
#...# #+###


You could see 2 adder zombies, a water moccasin zombie and 2 kobold zombies.

Vanquished Creatures
  A water moccasin zombie (Ossuary)
  A dart slug (D:1)
  An orc (D:4)
  2 ball pythons
  4 endoplasms (D:1)
  2 goblins (D:1)
  3 hobgoblins (D:1)
  A kobold (D:1)
  3 quokkas
  4 bats (D:1)
  A frilled lizard (D:1)
  A hobgoblin zombie (Ossuary)
  A kobold zombie (Ossuary)
  2 rats (D:1)
27 creatures vanquished.

Notes
Turn   | Place    | Note
-------+----------+-------------------------------------------
     0 | D:1      | RascalDebosk the Djinni Earth Elementalist began the quest
                  | for the Orb.
     0 | D:1      | RascalDebosk set off with the following spells memorised:
                  | Sandblast, Passwall, Stone Arrow, Petrify.
     0 | D:1      | Reached XP level 1. HP: 15/15 MP: 0/0
    89 | D:1      | Reached XP level 2. HP: 21/21 MP: 0/0
   198 | D:1      | Reached skill level 3 in Spellcasting
   272 | D:1      | Reached XP level 3. HP: 21/25 MP: 0/0
   272 | D:1      | Learned a level 1 spell: Slow
   705 | D:2      | You are sucked into a shaft and drop 2 floors!
   707 | D:4      | Found a basalt altar of Yredelemnul.
   817 | D:4      | Found a sand-covered staircase.
   822 | Ossuary  | Entered an ossuary
   848 | Ossuary  | HP: 1/25 [adder zombie (1)]
   849 | Ossuary  | Reached skill level 4 in Spellcasting
   849 | Ossuary  | Reached XP level 4. HP: 1/31 MP: 0/0
   850 | Ossuary  | Slain by an adder zombie

Illustrated notes

Levels and vault maps discovered:
D:1:      roderic_dead_forest, layout_loops_ring, minmay_tripent
D:2:      layout_loops_cross, basic_altar, minmay_misc_feat_plants,
          nicolae_wormholes, uniq_robin
D:4:      layout_basic, minmay_overflow_temple_star_hex,
          mainiacjoe_overflow_24_doors, lightli_ossuary_entry_decrepit_ruins,
          kennysheep_generic_room_2, uniq_sigmund
Ossuary:  ossuary_tomb_2

Skill      XL: |  1  2  3 |
---------------+----------+-----
Spellcasting   | 3 4 |  4.0
Dodging        | |  2.1
Stealth        | |  1.5

Action                   |  1- 3 |  4- 6 || total
-------------------------+-------+-------++-------
 Cast: Sandblast         |    42 |       ||    42
Armor: Robe              |     4 |       ||     4
Dodge: Dodged            |    22 |     1 ||    23

Table legend: (Time is in decaauts)
 A = Elapsed time spent in this place.
 B = Non-inter-level travel time spent in this place.
 C = Inter-level travel time spent in this place.
 D = Time resting spent in this place.
 E = Time spent auto-exploring this place.
 F = Levels seen in this place.
 G = Mean time per level.
                   A        B        C        D        E       F      G
               +--------+--------+--------+--------+--------+-----+--------+
         Total |    869 |    820 |     49 |      0 |    545 |   4 |  217.2 |
       Dungeon |    837 |    788 |     49 |      0 |    545 |   3 |  279.0 |
       Ossuary |     32 |     32 |      0 |      0 |      0 |   1 |   32.0 |
               +--------+--------+--------+--------+--------+-----+--------+

Top non-repeatable levels by time:
     D:1: 719 daAuts
     D:4: 118 daAuts
 Ossuary: 32 daAuts
